 Dungeon Crawl Stone Soup version 0.30-a0-1160-g6e42c06551 (webtiles) character file.

Game seed: 922904600052224530

383 holysushi the Grave Robber (level 6, -8/28 (31) HPs)
             Began as a Spriggan Necromancer on Apr 26, 2023.
             Was a Follower of Sif Muna.
             Shot with a bolt by an orc warrior (23 damage)
             ... on level 7 of the Dungeon.
             The game lasted 00:07:37 (4214 turns).

holysushi the Grave Robber (Spriggan Necromancer)   Turns: 4214, Time: 00:07:38

HP:   -8/28 (31)    AC:  2    Str:  4    XL:     6   Next: 47%
MP:   3/11          EV: 19    Int: 19    God:    Sif Muna [*.....]
Gold: 241           SH:  0    Dex: 15    Spells: 2/10 levels left

rFire   + . .        a - +2 short sword (venom)
rCold   + . .        (no shield)
rNeg    . . .        e - +0 robe
rPois   +            (helmet restricted)
rElec   +            (no cloak)
rCorr   +            (gloves unavailable)
SInv    +            (boots unavailable)
Will    +....        (no amulet)
Stlth   ++           (no ring)
HPRegen 0.24/turn    (no ring)
MPRegen 0.12/turn

%: no passive effects
@: resistant, animating dead, very slightly contaminated, drained, unable to
read, very quick
A: very small, no large weapons, unfitting armour, see invisible, speed 3,
inability to read after injury 1
a: Renounce Religion, Channel Magic


You were on level 7 of the Dungeon.
You worshipped Sif Muna.
Sif Muna was aware of your devotion.
You visited 2 branches of the dungeon, and saw 6 of its levels.

You collected 241 gold pieces.

Inventory:

Hand Weapons
 a - a +2 short sword of venom (weapon)
Armour
 e - a +0 robe (worn)
Scrolls
 c - 2 scrolls of teleportation
 h - a scroll of magic mapping
 j - 2 scrolls of enchant weapon {unknown}
 k - a scroll of fear {unknown}
 l - 2 scrolls of fog {unknown}
 n - a scroll of silence {unknown}
 p - a scroll of poison {unknown}
Potions
 b - a potion of magic
 g - 4 potions of lignification {unknown}
 i - a potion of curing {unknown}
 m - 2 potions of heal wounds {unknown}
 o - a potion of might {unknown}
 q - a potion of flight {unknown}


   Skills:
 + Level 2.3 Fighting
 + Level 5.4 Dodging
 - Level 3.0 Stealth
 + Level 2.8 Spellcasting
 + Level 5.5 Necromancy


You had 2 spell levels left.
You knew the following spells:

 Your Spells              Type           Power      Damage    Failure   Level
a - Necrotise             Necr           92%        1d8       1%          1
b - Vampiric Draining     Necr           23%        2d7       4%          3
c - Animate Dead          Necr           23%        N/A       16%         4

Your spell library contained the following spells:

 Spells                   Type           Power      Damage    Failure   Level
 Apportation              Tloc           4%         N/A       16%         1
 Agony                    Necr           23%        N/A       41%         5
 Alistair's Intoxication  Tmut/Pois      1%         N/A       99%         5


Dungeon Overview and Level Annotations

Branches:
Dungeon (7/15) Zot: 26916  Temple (1/1) D:7 Zot: 5818

Altars:
Cheibriados
Dithmenos
Elyvilon
Gozag
Hepliaklqana
Kikubaaqudgha
Makhleb
Nemelex Xobeh
Okawaru
Qazlal
Ru
Sif Muna
Trog
Uskayaw
Vehumet
Wu Jian
Zin
The Shining One


Innate Abilities, Weirdness & Mutations

You are very small and have problems with some larger weapons.
You are too small for most types of armour.
You have supernaturally acute eyesight. (SInv)
You cover ground extremely quickly. (Speed+++)
You occasionally lose the ability to read scrolls when taking damage.


Message History

An orc priest comes into view. It is wielding a +0 club.
The orc warrior shouts!
An orc comes into view. It is wielding a +0 whip.
The orc warrior unwields a +0 trident.
The orc warrior wields a +0 arbalest.
The orc warrior shoots a bolt.
The bolt misses you.
A mummy comes into view.
The orc priest shouts!
The orc priest calls down the wrath of Beogh upon you.
You resist with significant effort.
The orc warrior shoots a bolt.
The bolt closely misses you.
You open the door.
A hobgoblin zombie comes into view.
The orc priest begins to cast a cantrip, but forgets the words!
You aren't carrying any items that you can evoke.
Unknown command.
Okay, then.
Okay, then.
Casting: Necrotise (safe; 1% risk of failure)
Confirm with . or Enter, or press ? or * to list all spells.
The spell is extremely dangerous to miscast (16% risk of failure)!
Continue anyway?
You miscast Animate Dead.
You are very lightly contaminated with residual magic.
You shiver with cold.
You feel drained.
You close the door.
The orc priest calls down the wrath of Beogh upon you.
Beogh smites you!
Casting: Animate Dead (extremely dangerous; 16% risk of failure)
Confirm with . or Enter, or press ? or * to list all spells.
The spell is extremely dangerous to miscast (16% risk of failure)!
Continue anyway?
You call upon the dead to rise.
The orc warrior shoots a bolt.
The bolt completely misses you.
It was a potion of mutation.
You feel extremely strange.
You occasionally lose the ability to read scrolls when taking damage.
The orc warrior shoots a bolt.
The bolt misses you.
It was a potion of resistance.
You feel protected.
The orc warrior shoots a bolt.
The bolt hits you!!
You feel threatened and lose the ability to read scrolls!
Ouch! That really hurt!
You die...

**,*,,,* ****##.,,,*.#
**,,,,..,,*#.# *,,**##.,**#.##
*,****..##∩'M.# *,***,,#.###.o#
*****,**,,*#..##..#
*,,,,,*,,###...#oM##
*,,,,,,,*#Z+@..oo..# ******
*,,,,,*..###...#.#.# *,,,,,
###**,,,,,*#..##..##.#.# *,,,,,
..,,,,,,,,,,...#.###.#.# *,,,,,
#****,,,,,*,,...##,+...#****,,,,,
* *,,,,,***##..#*#.#......,,,,,
*,,,,,* ##..##.#######,,,,>
*,,,,,* *#..#.# *,,,,,
#####****** *#...# *,,,,,


You could see an orc warrior, a mummy, an orc priest and an orc.

Vanquished Creatures
  A water moccasin (D:3)
  A jelly (D:4)
  An iguana (D:4)
  6 gnolls
  7 adders
  2 worms
  A dart slug (D:3)
  8 bats
  11 endoplasms
  2 giant cockroaches
  6 goblins
  4 hobgoblins
  A jackal (D:1)
  5 quokkas
  8 ball pythons
  4 frilled lizards (D:3)
  7 kobolds
  3 rats
78 creatures vanquished.

Vanquished Creatures (collateral kills)
  A gnoll (D:3)
  An orc (D:3)
  An endoplasm (D:2)
  A jackal (D:1)
4 creatures vanquished.

Vanquished Creatures (others)
  2 frilled lizard zombies (D:3)
  An orc zombie (D:3)
3 creatures vanquished.

Grand Total: 85 creatures vanquished

Notes
Turn   | Place    | Note
-------+----------+-------------------------------------------
     0 | D:1      | holysushi the Spriggan Necromancer began the quest for the
                  | Orb.
     0 | D:1      | Reached XP level 1. HP: 9/9 MP: 5/5
   137 | D:1      | Reached skill level 1 in Fighting
   258 | D:1      | Reached XP level 2. HP: 14/14 MP: 2/6
   951 | D:2      | Reached XP level 3. HP: 7/18 MP: 5/8
  1303 | D:2      | Reached XP level 4. HP: 17/23 MP: 9/9
  1318 | D:2      | Learned a level 3 spell: Vampiric Draining
  1535 | D:2      | Reached skill level 5 in Dodging
  1932 | D:2      | Learned a level 4 spell: Animate Dead
  2125 | D:3      | Noticed a water moccasin
  2162 | D:3      | Killed a water moccasin
  2163 | D:3      | Reached skill level 5 in Necromancy
  2163 | D:3      | Reached XP level 5. HP: 26/26 MP: 5/10
  2305 | D:3      | Found a glowing golden altar of the Shining One.
  2388 | D:3      | Identified the +5 ring mail of Anaesthesia {rC- Str+3 SInv}
  2684 | D:3      | Reached XP level 6. HP: 24/30 MP: 11/11
  3008 | D:3      | Found a faded altar of an unknown god.
  3022 | D:3      | Prayed at the altar of an unknown god.
  3022 | D:3      | Became a worshipper of Sif Muna the Loreminder
  3022 | D:3      | Reached * piety under Sif Muna
  3889 | D:4      | You fall into a shaft and drop 3 floors!
  3889 | D:7      | Found a staircase to the Ecumenical Temple.
  3896 | Temple   | Entered the Ecumenical Temple
  3896 | Temple   | Found a transporter.
  3896 | Temple   | Found a transporter.
  3898 | Temple   | Found a transporter.
  3898 | Temple   | Found a transporter.
  4201 | D:7      | Noticed an orc warrior
  4213 | D:7      | Gained mutation: You occasionally lose the ability to read
                  | scrolls when taking damage. [potion of mutation]
  4214 | D:7      | Shot with a bolt by an orc warrior

Illustrated notes

Levels and vault maps discovered:
D:1:      grunt_arrival_lava_bath, layout_loops_ring, st_stairs_1
D:2:      layout_basic, kennysheep_generic_room_12
D:3:      minmay_recursive_quarters, layout_basic, tso_oasis_becter,
          hellmonk_ecumenical_altar_leap_of_faith
D:4:      layout_cave_pods, grunt_decor_cap, uniq_sigmund
D:7:      layout_rooms, minmay_temple_entry_mist, serial_shops, shop,
          nicolae_ossuary_entry_giza, minmay_misc_feat_diagonals,
          grunt_decor_arrowhead
Temple:   hellmonk_temple_divided_pantheon

Skill      XL: |  1  2  3  4 |
---------------+-------------+-----
Fighting       | 1 2 |  2.3
Dodging        | 3 4 5 |  5.4
Necromancy     | 5 |  5.5
Stealth        | |  3.0
Spellcasting   | |  2.8

Action                     |  1- 3 |  4- 6 || total
---------------------------+-------+-------++-------
  Melee: Short sword       |    20 |    85 ||   105
         Dagger            |     1 |       ||     1
   Cast: Necrotise         |    42 |    68 ||   110
         Animate Dead      |       |     3 ||     3
         Vampiric Draining |       |     2 ||     2
    Use: Scroll            |       |     2 ||     2
         Potion            |       |     2 ||     2
   Stab: Sleeping          |     3 |     3 ||     6
 Armour: Robe              |     3 |     6 ||     9
  Dodge: Dodged            |    13 |   103 ||   116

Table legend: (Time is in decaauts)
 A = Elapsed time spent in this place.
 B = Non-inter-level travel time spent in this place.
 C = Inter-level travel time spent in this place.
 D = Time resting spent in this place.
 E = Time spent auto-exploring this place.
 F = Levels seen in this place.
 G = Mean time per level.
                   A        B        C        D        E       F      G
               +--------+--------+--------+--------+--------+-----+--------+
         Total |   3124 |   3078 |     46 |    380 |   1924 |   6 |  520.7 |
       Dungeon |   2943 |   2897 |     46 |    285 |   1920 |   5 |  588.6 |
        Temple |    181 |    181 |      0 |     95 |      3 |   1 |  181.0 |
               +--------+--------+--------+--------+--------+-----+--------+

Top non-repeatable levels by time:
     D:3: 970 daAuts
     D:2: 749 daAuts
     D:1: 712 daAuts
     D:4: 429 daAuts
  Temple: 181 daAuts
     D:7: 82 daAuts
